[Event "22nd Hoogeveen Open 2018"]
[Site "Hoogeveen"]
[Date "2018.10.20"]
[Round "1"]
[White "Iniyan, P."]
[Black "Biermann, Lenhard"]
[Result "*"]
[ECO "E52"]
[WhiteElo "2476"]
[BlackElo "2153"]
[Annotator "RC"]
[PlyCount "43"]
[EventDate "2018.10.20"]
[EventType "swiss"]
[EventCountry "NED"]
[SourceTitle "playchess.com"]
[Source "ChessBase"]
[SourceQuality "1"]
[TimeControl "40/5400+30:1800+30"]

1. d4 e6 2. c4 Nf6 3. Nc3 Bb4 4. Nf3 b6 5. e3 O-O 6. Bd3 Bb7 7. O-O d5 8. cxd5 exd5 9. Ne5 Nbd7 10. f4 Ne8 11. Qa4 Nxe5 12. fxe5 Be7 13. Bd2 g6 14. e4 dxe4 15. Bxe4 Bxe4 16. Nxe4 b5 17. Qc2 Qxd4+ 18. Kh1 Ng7 19. Bh6 Qxe5 20. Rae1 Nf5 21. Bxf8 Bxf8 22. Qc6 *

[Event "22nd Hoogeveen Open 2018"]
[Site "Hoogeveen"]
[Date "2018.10.20"]
[Round "1"]
[White "Miedema, David"]
[Black "Jelic, Bruno"]
[Result "1-0"]
[ECO "E94"]
[WhiteElo "2379"]
[BlackElo "2076"]
[Annotator "NA"]
[PlyCount "67"]
[EventDate "2018.10.20"]
[EventType "swiss"]
[EventCountry "NED"]
[SourceTitle "playchess.com"]
[Source "ChessBase"]
[SourceQuality "1"]
[TimeControl "40/5400+30:1800+30"]

1. e4 g6 2. d4 Bg7 3. c4 d6 4. Nc3 Nf6 5. Nf3 O-O 6. Be2 Na6 7. Bg5 c6 8. O-O e5 9. d5 h6 {[%emt 0:06:03] LiveBook: 42 Games E94: King's Indian: Classical: 6 Be2 e5 7 0-0: Various Black 7th moves} 10. Be3 (10. Bh4 Qb6 11. dxc6 bxc6 12. Bxf6 Bxf6 13. Qxd6 Kg7 14. Na4 Qb7 15. Qa3 Rb8 16. b3 Bg4 17. Rad1 {½-½ (36) L'Ami,E (2634)-Gordievsky,D (2622) Wijk aan Zee 2018}) 10... Ng4 11. Bc1 f5 12. exf5 gxf5 13. g3 Nc5 $146 ({Predecessor:} 13... Nf6 14. Nh4 Nc5 15. Be3 cxd5 16. cxd5 {1-0 (39) Altrichter,U (2432)-Ritsema,R (2409) ICCF email 2015}) 14. Nh4 e4 15. Nxf5 Nxf2 16. Nxh6+ Bxh6 17. Rxf2 Rxf2 18. Bxh6 Rf7 19. Qd2 Bf5 20. Rf1 Bg6 21. Rxf7 $14 Kxf7 22. b4 Nd3 23. Nxe4 Bxe4 24. Bxd3 cxd5 25. cxd5 Bxd3 26. Qxd3 Qe7 27. h4 Ke8 28. Bg5 Qe1+ 29. Kg2 Kd7 30. Qh7+ Kc8 31. Qf7 Qe2+ 32. Kh3 a5 33. bxa5 Rxa5 34. Qf8+ 1-0

[Event "22nd Hoogeveen Open 2018"]
[Site "Hoogeveen"]
[Date "2018.10.20"]
[Round "1"]
[White "Baskin, Robert"]
[Black "Verhoef, Pieter"]
[Result "1-0"]
[ECO "B90"]
[WhiteElo "2348"]
[BlackElo "2058"]
[Annotator "NA"]
[PlyCount "133"]
[EventDate "2018.10.20"]
[EventType "swiss"]
[EventCountry "NED"]
[SourceTitle "playchess.com"]
[Source "ChessBase"]
[SourceQuality "1"]
[TimeControl "40/5400+30:1800+30"]

1. e4 c5 2. Nf3 d6 3. d4 cxd4 4. Nxd4 Nf6 5. Nc3 a6 6. Be3 e5 7. Nb3 Be6 8. f3 Be7 9. Qd2 h5 $11 10. Nd5 Bxd5 11. exd5 Nbd7 12. c4 Rc8 13. Na5 Qc7 14. Be2 h4 15. Rc1 Kf8 16. b4 g6 17. O-O Nh5 18. c5 dxc5 19. d6 Qxd6 20. Qxd6 Bxd6 21. Nxb7 Be7 22. Rfd1 Nb8 23. Nxc5 Kg7 24. a3 Nf4 25. Bf1 Rc6 26. Nd3 Nxd3 27. Rxc6 Nxc6 28. Rxd3 Nd4 29. Bxd4 exd4 30. Rxd4 a5 31. Rd7 Bd8 32. Bc4 Bb6+ 33. Kf1 Rc8 34. Rxf7+ Kh6 35. Rf4 Kh5 36. Re4 axb4 37. axb4 Rc6 38. Ke2 Bc7 39. b5 Rc5 40. f4 g5 41. g3 hxg3 42. hxg3 Kg4 43. fxg5+ Kf5 44. Kf3 Kxg5 45. g4 Kh4 46. Rd4 Kg5 47. Rd5+ Rxd5 48. Bxd5 Bb6 49. Bc4 Bg1 50. Be2 Kf6 51. Ke4 Ke7 52. Kd5 Be3 53. Kc6 Bf4 54. b6 Be3 55. b7 Bf4 56. g5 Ke6 57. g6 Kf6 58. Bd3 Ke6 59. Bf5+ Ke7 60. Kd5 Kf6 61. Ke4 Bh2 62. Kf3 Bb8 63. Kg4 Bc7 64. Bd3 Bh2 65. Kh5 Bf4 66. b8=Q Bxb8 67. Kh6 1-0

[Event "22nd Hoogeveen Open 2018"]
[Site "Hoogeveen"]
[Date "2018.10.20"]
[Round "1"]
[White "Bertholee, Rob"]
[Black "Van de Pavoordt, Max"]
[Result "1/2-1/2"]
[ECO "C01"]
[WhiteElo "2334"]
[BlackElo "2034"]
[Annotator "NA"]
[PlyCount "136"]
[EventDate "2018.10.20"]
[EventType "swiss"]
[EventCountry "NED"]
[SourceTitle "playchess.com"]
[Source "ChessBase"]
[SourceQuality "1"]
[TimeControl "40/5400+30:1800+30"]

1. e4 e6 2. d4 d5 3. Bd3 c5 4. exd5 Qxd5 {[%emt 0:01:33] C01: French: Exchange Variation} (4... exd5 5. Nf3 Nf6 6. O-O c4 7. Re1+ Be7 8. Be2 O-O 9. b3 cxb3 10. axb3 Nc6 11. c3 Re8 12. Nbd2 Bd6 13. Bd3 Bg4 14. Rxe8+ Qxe8 {0-1 (52) Fontaine,R (2563)-Carlsen,M (2834) chess.com INT 2018}) 5. Bb5+ Bd7 6. Bxd7+ Nxd7 7. Nf3 cxd4 8. Qxd4 Qxd4 9. Nxd4 a6 10. Ke2 $146 ({Predecessor:} 10. O-O Ngf6 11. Rd1 g6 12. Nc3 {0-1 (31) Romero,J (1415)-Copin,J (1366) IECC email 2010}) 10... Ngf6 11. Rd1 Rc8 12. c3 Nd5 13. Nd2 N7f6 14. N2b3 Ne4 15. Kf3 Nd6 16. a4 Be7 17. Nd2 Bf6 18. Ne4 Nxe4 19. Kxe4 {[%emt 0:00:01] [#]} Rxc3 $1 20. Be3 Rc8 21. Ra3 O-O 22. Rb3 Rc7 23. Rc1 Rxc1 24. Bxc1 b6 25. a5 b5 26. Nxb5 axb5 27. Rxb5 Ra8 28. Bd2 Kf8 29. Rb7 Be7 30. b4 Bxb4 31. Bxb4+ Nxb4 32. Rxb4 Rxa5 33. h4 Ke7 34. g3 Kf6 35. Kf3 h6 36. Rb7 Kg6 37. Re7 e5 38. Kg2 f5 39. Kg1 e4 40. Kf1 Kf6 41. Rb7 Re5 42. Kg2 Re6 43. Ra7 g5 44. hxg5+ hxg5 45. Ra5 Rd6 46. Rb5 Rd2 47. Rb6+ Ke5 48. Rb5+ Rd5 49. Rb8 Kd4 50. Ra8 Kc3 51. Kf1 f4 52. gxf4 gxf4 53. Ke2 Rd2+ 54. Ke1 Rb2 55. Rc8+ $15 Kd4 56. Kf1 f3 57. Rd8+ Kc3 58. Rc8+ Kd2 59. Rd8+ Kc2 60. Rc8+ Kd1 61. Rd8+ Rd2 62. Re8 Rd4 63. Re7 Kd2 64. Re8 Kd3 65. Ke1 Rd7 66. Ra8 Rb7 67. Rd8+ Kc2 68. Rc8+ Kd3 1/2-1/2

[Event "22nd Hoogeveen Open 2018"]
[Site "Hoogeveen"]
[Date "2018.10.20"]
[Round "1"]
[White "De Jong, Migchiel"]
[Black "Klaren, Duncan"]
[Result "1/2-1/2"]
[ECO "B52"]
[WhiteElo "2309"]
[BlackElo "1950"]
[Annotator "NA"]
[PlyCount "46"]
[EventDate "2018.10.20"]
[EventType "swiss"]
[EventCountry "NED"]
[SourceTitle "playchess.com"]
[Source "ChessBase"]
[SourceQuality "1"]
[TimeControl "40/5400+30:1800+30"]

1. e4 c5 2. Nf3 d6 3. Bb5+ Bd7 4. c4 g6 5. d4 cxd4 6. Nxd4 Bg7 7. Nc3 Nf6 $14 8. O-O Nc6 9. Bxc6 bxc6 10. c5 O-O 11. cxd6 exd6 12. Bf4 Re8 13. Re1 Qb6 14. Nb3 Ng4 15. Qd2 Be6 16. Qc2 Rab8 17. Bxd6 Bxb3 18. axb3 Nxf2 19. Na4 Nh3+ 20. Kh1 Nf2+ 21. Kg1 Nh3+ 22. Kh1 Nf2+ 23. Kg1 Nh3+ 1/2-1/2

[Event "22nd Hoogeveen Open 2018"]
[Site "Hoogeveen"]
[Date "2018.10.20"]
[Round "1"]
[White "Warakomska, Anna"]
[Black "Van Foreest, Machteld"]
[Result "1-0"]
[ECO "B40"]
[WhiteElo "2293"]
[BlackElo "1934"]
[Annotator "NA"]
[PlyCount "69"]
[EventDate "2018.10.20"]
[EventType "swiss"]
[EventCountry "NED"]
[SourceTitle "playchess.com"]
[Source "ChessBase"]
[SourceQuality "1"]
[TimeControl "40/5400+30:1800+30"]

1. e4 c5 2. Nf3 e6 3. b3 Nc6 4. Bb2 Nf6 5. e5 Nd5 6. c4 Nf4 7. g3 {[%emt 0:00:53] B40: Sicilian: 2...e6, Unusual lines} Ng6 8. Bg2 Qc7 (8... Be7 9. O-O O-O 10. Na3 a6 11. Nc2 Qc7 12. Qe2 b6 13. d4 cxd4 14. Ncxd4 Bb7 {1-0 (38) Hossain,E (2452)-Tran,M (2409) Chengdu 2017}) 9. Qe2 Nb4 10. Na3 d6 $146 ({Predecessor:} 10... a6 11. O-O Be7 12. d4 cxd4 13. Bxd4 Nc6 14. Bb2 O-O {1-0 (26) Jacek,M (2045)-Med,L (1872) Tabor 2011}) 11. exd6 Qxd6 12. d4 cxd4 13. Nb5 Qd8 14. Nbxd4 Be7 15. O-O O-O 16. a3 Nc6 17. Nxc6 bxc6 18. Nd4 Bb7 19. Nxc6 Qc7 20. Nxe7+ Qxe7 21. h4 Rab8 22. b4 Bxg2 23. Kxg2 Qb7+ 24. Kg1 Qa6 25. Rad1 Rfc8 26. h5 Ne7 27. b5 Qb6 28. Qg4 Nf5 $18 29. Bxg7 Rxc4 30. Qxc4 Kxg7 31. a4 Rg8 32. Rd3 h6 33. Qc6 Qb8 34. Rc1 Kh7 35. Qc7 1-0

[Event "22nd Hoogeveen Open 2018"]
[Site "Hoogeveen"]
[Date "2018.10.20"]
[Round "1"]
[White "Bluhm, Sonja Maria"]
[Black "Minko, Dmitry"]
[Result "1-0"]
[ECO "C55"]
[WhiteElo "2281"]
[BlackElo "2011"]
[Annotator "NA"]
[PlyCount "81"]
[EventDate "2018.10.20"]
[EventType "swiss"]
[EventCountry "NED"]
[SourceTitle "playchess.com"]
[Source "ChessBase"]
[SourceQuality "1"]
[TimeControl "40/5400+30:1800+30"]

1. e4 e5 2. Nf3 Nc6 3. Bc4 Nf6 4. d3 h6 5. c3 g6 6. O-O Bg7 7. a4 a5 8. h3 O-O $11 9. Be3 d5 10. exd5 Nxd5 11. Bc5 Nde7 12. Re1 Be6 13. Bb5 Qd5 14. d4 exd4 15. cxd4 Rfd8 16. Nc3 Qh5 17. Ne5 Qxd1 18. Raxd1 Bxe5 19. dxe5 b6 20. Ba3 Nb4 21. Rc1 Nf5 22. Ne4 c5 23. f4 Nd3 24. Bxd3 Rxd3 25. Rc3 Rad8 26. g4 Nh4 27. Kf2 Rxc3 28. bxc3 Rd3 29. Rb1 Rf3+ 30. Ke2 Bc4+ 31. Kd2 Kg7 32. Rb3 b5 33. Rxb5 Re3 34. Rb6 Rd3+ 35. Kc1 Ng2 36. Rb8 Ne3 37. Bxc5 Rd1+ 38. Kb2 Bd3 39. Bf8+ Kh8 40. Be7+ Kh7 41. Nf6+ 1-0

[Event "22nd Hoogeveen Open 2018"]
[Site "Hoogeveen"]
[Date "2018.10.20"]
[Round "1"]
[White "Schippers, Maurice"]
[Black "De Vries, Emma"]
[Result "1-0"]
[ECO "C06"]
[WhiteElo "2272"]
[BlackElo "1905"]
[Annotator "NA"]
[PlyCount "77"]
[EventDate "2018.10.20"]
[EventType "swiss"]
[EventCountry "NED"]
[SourceTitle "playchess.com"]
[Source "ChessBase"]
[SourceQuality "1"]
[TimeControl "40/5400+30:1800+30"]

1. e4 e6 2. d4 d5 3. Nd2 Nf6 4. e5 Nfd7 5. c3 c5 6. Bd3 Nc6 7. Ne2 cxd4 8. cxd4 f6 9. exf6 Nxf6 10. Nf3 Bd6 11. O-O Qc7 12. h3 O-O 13. Be3 {[%emt 0:00:33] C06: French Tarrasch: 3...Nf6 4 e5 Nfd7 5 Bd3 main lines} Bd7 14. Nc3 (14. Re1 Be8 15. Ng5 Bf7 16. Rc1 Kh8 17. a3 Bg8 18. b4 a6 19. g3 h6 20. Nf4 Bxf4 21. Bxf4 {1-0 (38) Navara,D (2729)-Michiels,B (2563) Wijk aan Zee 2015 CBM 165 [Navara,D]}) 14... a6 15. Re1 Rae8 16. Rc1 Qb8 17. a3 b5 18. b4 Re7 19. Qb3 Kh8 20. Qb1 $146 ({Predecessor:} 20. Ng5 h6 21. Nf3 g5 22. Qb1 {0-1 (42) Doumas,G (2014)-Tepelenis,N (2156) Eretria 2011}) 20... Qe8 21. Ne2 Qb8 22. Ng5 g6 23. f4 (23. Qb3 $14) 23... a5 24. Bd2 Qa7 $16 ({Black should play} 24... axb4 $11 25. axb4 Nh5) 25. Nf3 e5 26. fxe5 Nxe5 27. Nxe5 Rxe5 28. bxa5 Bxa3 29. Bb4 Rxe2 30. Bxa3 Qxd4+ 31. Kh1 Rxe1+ 32. Rxe1 Rf7 33. Rf1 Kg7 34. Bb2 Qc5 35. Qa1 Qc6 36. Bd4 Qd6 37. a6 Bc6 38. a7 Ba8 39. Bxb5 1-0

[Event "22nd Hoogeveen Open 2018"]
[Site "Hoogeveen"]
[Date "2018.10.20"]
[Round "1"]
[White "Elgersma, Simon"]
[Black "Oord, Raymon"]
[Result "1-0"]
[ECO "C42"]
[WhiteElo "2237"]
[BlackElo "1900"]
[Annotator "NA"]
[PlyCount "87"]
[EventDate "2018.10.20"]
[EventType "swiss"]
[EventCountry "NED"]
[SourceTitle "playchess.com"]
[Source "ChessBase"]
[SourceQuality "1"]
[TimeControl "40/5400+30:1800+30"]

1. e4 e5 2. Nf3 Nf6 3. Nxe5 d6 4. Nf3 Nxe4 5. Nc3 Nf6 6. d4 Bg4 7. h3 Bh5 8. Be2 Be7 9. d5 Nbd7 10. O-O O-O 11. Be3 Re8 12. g4 Bg6 13. Nd2 Bf8 $11 14. Bd4 Ne4 15. Ndxe4 Bxe4 16. Nxe4 Rxe4 17. f3 Re7 18. f4 Qe8 19. Bf3 Nb6 20. b3 Nd7 21. Qd2 f6 22. Kg2 Qf7 23. h4 Rae8 24. a4 a6 25. a5 Nc5 26. Bxc5 dxc5 27. d6 cxd6 28. Bd5 Re2+ 29. Rf2 Rxd2 30. Bxf7+ Kxf7 31. Rxd2 Re4 32. Kf3 Rb4 33. Ra4 Rxa4 34. bxa4 Ke6 35. c4 Kd7 36. Ke4 Be7 37. Rb2 Kc8 38. Kd5 Bd8 39. Re2 Kd7 40. Rb2 Kc7 41. Rb6 Kc8 42. Rxd6 Bxa5 43. Ke6 Bc7 44. Rd7 1-0

[Event "22nd Hoogeveen Open 2018"]
[Site "Hoogeveen"]
[Date "2018.10.20"]
[Round "1"]
[White "Blagojevic, Tijana"]
[Black "Kutchoukov, Daniel"]
[Result "1-0"]
[ECO "B12"]
[WhiteElo "2232"]
[BlackElo "1882"]
[Annotator "NA"]
[PlyCount "57"]
[EventDate "2018.10.20"]
[EventType "swiss"]
[EventCountry "NED"]
[SourceTitle "playchess.com"]
[Source "ChessBase"]
[SourceQuality "1"]
[TimeControl "40/5400+30:1800+30"]

1. e4 c6 2. d4 d5 3. e5 Bf5 4. Nd2 e6 5. Nb3 Nd7 6. Nf3 Ne7 7. Be2 $11 h6 8. O-O Bh7 9. a4 Nf5 10. a5 g5 11. Ne1 Be7 12. Bd2 O-O 13. Nd3 Qc7 14. Rc1 f6 15. exf6 Bxf6 16. Bb4 Rfd8 17. Bg4 e5 18. Nbc5 Nxc5 19. Nxc5 Re8 20. Qf3 e4 21. Qh3 Nxd4 22. c3 Nb5 23. Qxh6 Qg7 24. Qxg7+ Kxg7 25. Nxb7 Rab8 26. Bd7 Rh8 27. Bxc6 Nc7 28. Bd6 Rhc8 29. Bd7 1-0

[Event "22nd Hoogeveen Open 2018"]
[Site "Hoogeveen"]
[Date "2018.10.20"]
[Round "1"]
[White "Elgersma, Onno"]
[Black "Brands, Kevin"]
[Result "1-0"]
[ECO "B90"]
[WhiteElo "2223"]
[BlackElo "1862"]
[Annotator "NA"]
[PlyCount "39"]
[EventDate "2018.10.20"]
[EventType "swiss"]
[EventCountry "NED"]
[SourceTitle "playchess.com"]
[Source "ChessBase"]
[SourceQuality "1"]
[TimeControl "40/5400+30:1800+30"]

1. e4 c5 2. Nf3 d6 3. d4 cxd4 4. Nxd4 Nf6 $14 5. Nc3 a6 6. h3 Bd7 7. g4 h6 8. Bg2 g6 9. Be3 Bg7 10. Qd2 Nc6 11. f4 Nxd4 12. Bxd4 e5 13. Be3 O-O 14. f5 Bc6 15. O-O-O Qa5 16. Bxh6 Rac8 17. Kb1 Bxh6 18. Qxh6 b5 19. g5 Nh5 20. fxg6 1-0

[Event "22nd Hoogeveen Open 2018"]
[Site "Hoogeveen"]
[Date "2018.10.20"]
[Round "1"]
[White "Zarkovic, Mila"]
[Black "Wedda, Dries"]
[Result "1/2-1/2"]
[ECO "B92"]
[WhiteElo "2213"]
[BlackElo "2216"]
[Annotator "NA"]
[PlyCount "60"]
[EventDate "2018.10.20"]
[EventType "swiss"]
[EventCountry "NED"]
[SourceTitle "playchess.com"]
[Source "ChessBase"]
[SourceQuality "1"]
[TimeControl "40/5400+30:1800+30"]

1. e4 c5 2. Nf3 d6 3. d4 cxd4 4. Nxd4 Nf6 $14 5. Nc3 a6 6. Be2 e5 7. Nb3 Be7 8. O-O O-O 9. Bf3 Be6 10. Re1 Nbd7 11. a4 b6 12. Nd2 Nb8 13. Nf1 Nc6 14. Bg5 Qc7 15. Ne3 Nb4 16. Re2 Rad8 17. Bxf6 Bxf6 18. Ncd5 Nxd5 19. Nxd5 Bxd5 20. Qxd5 Qc5 21. Rd1 Qxd5 22. Rd3 Qd4 23. Rxd4 Be7 24. Rd5 Rc8 25. c4 Rc5 26. b3 Re8 27. Red2 Rec8 28. Be2 Rxd5 29. Rxd5 Rc5 30. b4 Rxd5 1/2-1/2

[Event "22nd Hoogeveen Open 2018"]
[Site "Hoogeveen"]
[Date "2018.10.20"]
[Round "1"]
[White "Konings, Frans"]
[Black "Boghossian, Wahe"]
[Result "1-0"]
[ECO "A43"]
[WhiteElo "2195"]
[BlackElo "1748"]
[Annotator "NA"]
[PlyCount "43"]
[EventDate "2018.10.20"]
[EventType "swiss"]
[EventCountry "NED"]
[SourceTitle "playchess.com"]
[Source "ChessBase"]
[SourceQuality "1"]
[TimeControl "40/5400+30:1800+30"]

1. d4 Nf6 2. c4 e6 3. Nc3 c5 4. d5 d6 5. e4 exd5 6. exd5 a6 7. a4 Nbd7 $11 8. Nf3 g6 9. Bd3 Bg7 10. O-O O-O 11. Bg5 Qc7 12. h3 Re8 13. Qd2 Ne5 14. Nxe5 Rxe5 15. f4 Re8 16. f5 Nd7 17. Ne4 Be5 18. f6 Qb6 19. Bh4 Qxb2 20. Qh6 Bxf6 21. Nxf6+ Nxf6 22. Bxf6 1-0

[Event "22nd Hoogeveen Open 2018"]
[Site "Hoogeveen"]
[Date "2018.10.20"]
[Round "1"]
[White "Mijnheer, Peter"]
[Black "Van Delft, Merijn"]
[Result "0-1"]
[ECO "B92"]
[WhiteElo "2092"]
[BlackElo "2381"]
[Annotator "NA"]
[PlyCount "82"]
[EventDate "2018.10.20"]
[EventType "swiss"]
[EventCountry "NED"]
[SourceTitle "playchess.com"]
[Source "ChessBase"]
[SourceQuality "1"]
[TimeControl "40/5400+30:1800+30"]

1. e4 c5 2. Nf3 d6 3. d4 cxd4 4. Nxd4 Nf6 5. Nc3 a6 6. Be2 e5 7. Nb3 Be7 8. O-O O-O 9. Re1 Be6 10. Bf1 Nbd7 11. Nd5 {[%emt 0:00:47] LiveBook: 52 Games} Bxd5 {[%emt 0:01:37] B92: Sicilian Najdorf: 6 Be2} 12. exd5 Ne8 13. a4 $146 ({Predecessor:} 13. c4 Rc8 14. Bd2 b6 15. Nc1 f5 16. b4 Nef6 17. Nb3 Ne4 18. a4 Nxd2 19. Qxd2 {1-0 (81) Jansa,V (2455)-Vlasak,L (2336) Czechia 2014}) 13... b6 14. a5 b5 15. c4 bxc4 16. Bxc4 Qc7 17. Qe2 Qb7 18. Nd4 Bf6 19. Nc6 Nc7 20. Ra4 Rac8 21. Rb4 Qa8 22. Qg4 Nb8 23. Rb6 Nxc6 24. Rxc6 Nb5 25. Bxb5 axb5 {[%emt 0:00:10] [#]} 26. Rxd6 (26. Rxc8 $1 $16 Rxc8 27. Be3) 26... Rc4 27. Qe2 Qxa5 28. b3 Rc2 29. Qd1 Rfc8 30. Be3 Qb4 31. Rb6 Rb2 32. Rxf6 gxf6 $17 33. h3 Rd8 34. Rf1 Qe4 35. d6 Kh8 36. d7 Qc6 37. Qa1 Rc2 38. Rd1 Rxd7 39. Rxd7 Qxd7 40. Qa8+ Rc8 41. Qe4 Qc6 0-1

[Event "22nd Hoogeveen Open 2018"]
[Site "Hoogeveen"]
[Date "2018.10.20"]
[Round "1"]
[White "Hoffman, Ron"]
[Black "Waardenburg, Feline"]
[Result "1/2-1/2"]
[ECO "D02"]
[WhiteElo "2060"]
[BlackElo "1761"]
[Annotator "NA"]
[PlyCount "48"]
[EventDate "2018.10.20"]
[EventType "swiss"]
[EventCountry "NED"]
[SourceTitle "playchess.com"]
[Source "ChessBase"]
[SourceQuality "1"]
[TimeControl "40/5400+30:1800+30"]

1. d4 Nf6 2. Bf4 g6 3. e3 Bg7 4. Nf3 d5 5. Be2 O-O 6. O-O b6 7. Nbd2 Bb7 8. c4 Nbd7 9. h3 c5 10. Ne5 cxd4 11. exd4 dxc4 12. Bxc4 Nd5 13. Bh2 Rc8 14. Qb3 Nxe5 15. dxe5 e6 16. Ne4 Ba8 17. Nd6 Rc5 18. Ba6 Qe7 19. Bd3 Nc7 20. Rfe1 Rd8 21. Qa3 Ra5 22. Qc3 Rc5 23. Qa3 Ra5 24. Qc3 Rc5 1/2-1/2

[Event "22nd Hoogeveen Open 2018"]
[Site "Hoogeveen"]
[Date "2018.10.20"]
[Round "1"]
[White "Boersma, Jan"]
[Black "Colijn, Stefan"]
[Result "0-1"]
[ECO "C62"]
[WhiteElo "2047"]
[BlackElo "2340"]
[Annotator "NA"]
[PlyCount "55"]
[EventDate "2018.10.20"]
[EventType "swiss"]
[EventCountry "NED"]
[SourceTitle "playchess.com"]
[Source "ChessBase"]
[SourceQuality "1"]
[TimeControl "40/5400+30:1800+30"]

1. e4 e5 2. Nc3 Nc6 3. Nf3 Nf6 4. Bb5 d6 {[%emt 0:00:32] LiveBook: 218 Games} 5. d4 exd4 6. Qxd4 Bd7 7. Bxc6 bxc6 8. Bg5 Be7 9. O-O-O O-O {[%emt 0:08:32] C62: Ruy Lopez: Steinitz Defence} (9... c5 10. Qd3 {½-½ (10) Kalugin,S (2472)-Olenin,N (2408) Alushta 2000}) 10. e5 Ne8 11. Bxe7 Qxe7 12. Rhe1 Be6 13. Qb4 $146 ({Predecessor:} 13. Qe3 d5 14. Na4 Bg4 15. Rd4 Bxf3 16. gxf3 f5 17. h4 {½-½ (41) Mrva,V (2130)-Kopnicky,F (1960) Tatranske Zruby 2010}) 13... Rd8 14. Qb7 dxe5 15. Qxc6 Rxd1+ 16. Rxd1 Nd6 17. Nd5 Bxd5 $1 18. Qxd5 $11 e4 19. Nd4 Qh4 20. c4 Qxf2 21. c5 Qf4+ 22. Kb1 Ne8 23. Nf5 Nf6 24. Ne7+ Kh8 25. Qxf7 Rxf7 26. Rd8+ Ne8 27. Rxe8+ Rf8 28. c6 0-1

[Event "22nd Hoogeveen Open 2018"]
[Site "Hoogeveen"]
[Date "2018.10.20"]
[Round "1"]
[White "Biermann, Florian"]
[Black "Tomilova, Elena"]
[Result "0-1"]
[ECO "A12"]
[WhiteElo "2024"]
[BlackElo "2328"]
[Annotator "NA"]
[PlyCount "68"]
[EventDate "2018.10.20"]
[EventType "swiss"]
[EventCountry "NED"]
[SourceTitle "playchess.com"]
[Source "ChessBase"]
[SourceQuality "1"]
[TimeControl "40/5400+30:1800+30"]

1. c4 c6 2. b3 d5 3. Bb2 Nf6 4. Nf3 Bg4 5. e3 e6 6. Be2 Nbd7 7. d4 Bb4+ 8. Nfd2 Bxe2 9. Qxe2 O-O 10. O-O a5 11. a3 Bxd2 12. Nxd2 Qb6 13. a4 Ne4 14. Nxe4 dxe4 15. Qc2 f5 16. Ba3 Rfe8 17. Rfd1 Qc7 $14 18. Rab1 Nf6 19. h3 g5 20. b4 g4 21. Bb2 axb4 22. d5 e5 23. d6 Qd7 24. hxg4 Nxg4 25. c5 Kh8 26. g3 Qg7 27. Kg2 Re6 28. Qc4 Rg6 29. Qb3 Rg8 30. d7 Rd8 31. Ba1 Rh6 32. Kg1 Rh1+ 33. Kg2 Rh2+ 34. Kg1 Qh6 0-1

[Event "22nd Hoogeveen Open 2018"]
[Site "Hoogeveen"]
[Date "2018.10.20"]
[Round "1"]
[White "Winkels, Marcel"]
[Black "Den Hartog, Marijn"]
[Result "1-0"]
[ECO "C41"]
[WhiteElo "1935"]
[BlackElo "2296"]
[Annotator "NA"]
[PlyCount "99"]
[EventDate "2018.10.20"]
[EventType "swiss"]
[EventCountry "NED"]
[SourceTitle "playchess.com"]
[Source "ChessBase"]
[SourceQuality "1"]
[TimeControl "40/5400+30:1800+30"]

1. e4 e5 2. Nf3 d6 3. d4 exd4 4. Nxd4 Nf6 5. Nc3 Be7 6. g3 O-O 7. Bg2 {[%emt 0:00:08] C41: Philidor Defence} Re8 8. O-O Bf8 9. h3 c5 (9... Nbd7 10. Re1 c5 11. Nf5 Ne5 12. Bg5 h6 13. Bxf6 Qxf6 14. Nd5 Qd8 {½-½ (32) Oparin,G (2602)-Mamedyarov,S (2799) Moscow 2017}) 10. Nde2 Nc6 11. g4 h5 $146 ({Predecessor:} 11... Be6 12. g5 Nd7 13. Ng3 f6 14. h4 Rb8 {0-1 (40) Hillarp Persson,T (2567)-Mamedjarova,Z (2342) Hoogeveen 2007}) 12. g5 Nh7 13. f4 f5 14. exf5 Bxf5 15. Ng3 Qd7 16. Nxf5 Qxf5 17. Qxh5 Nb4 18. a3 g6 19. Qd1 Nxc2 20. Qd5+ Qxd5 21. Bxd5+ Kh8 22. Rb1 Bg7 23. Bf7 Re7 24. Bxg6 Nxa3 25. Nd5 Bd4+ 26. Kh1 Rg7 27. Bxh7 Nxb1 28. Bxb1 Re8 29. Bd3 b5 30. b3 Rb7 31. Bd2 Rc8 32. Ne3 a5 33. Nf5 Rh7 $18 34. Kg2 c4 35. bxc4 bxc4 36. Be4 Bb2 37. Nxd6 Rd8 38. Nxc4 Re7 39. Bxa5 Rxe4 40. Bxd8 Rxc4 41. Be7 Kg7 42. Rf2 Bc1 43. f5 Kf7 44. Bf6 Be3 45. Re2 Bc5 46. Be5 Kg8 47. g6 Bf8 48. f6 Bg7 49. f7+ Kf8 50. Bd6# 1-0

[Event "22nd Hoogeveen Open 2018"]
[Site "Hoogeveen"]
[Date "2018.10.20"]
[Round "1"]
[White "Maters, Arthur"]
[Black "De Boer, Eelke"]
[Result "0-1"]
[ECO "B23"]
[WhiteElo "1933"]
[BlackElo "2285"]
[Annotator "NA"]
[PlyCount "88"]
[EventDate "2018.10.20"]
[EventType "swiss"]
[EventCountry "NED"]
[SourceTitle "playchess.com"]
[Source "ChessBase"]
[SourceQuality "1"]
[TimeControl "40/5400+30:1800+30"]

1. e4 c5 2. Nc3 d6 3. d4 cxd4 {[%emt 0:00:00] B23: Sizilianisch (Geschlossenes System)} 4. Qxd4 Nc6 5. Qd2 Nf6 (5... g6 6. b3 Bh6 7. f4 f5 8. Bb2 Nf6 9. Bd3 Qa5 10. exf5 Bxf5 11. Nge2 Bxd3 12. Qxd3 {1-0 (42) Nakamura,H (2769)-Grischuk,A (2766) Leuven 2018}) 6. b3 e6 7. Bb2 Be7 8. O-O-O a6 9. f3 b5 10. Kb1 O-O 11. g4 Nd7 $146 12. h4 Nc5 13. g5 b4 14. Nce2 a5 15. Nd4 Nxd4 16. Bxd4 e5 17. Bxc5 dxc5 18. Qd4 Qd6 19. Qxd6 Re8 20. Qd8 Rxd8 21. Rxd8+ Bxd8 22. Bc4 Ba6 23. Ne2 Bxc4 24. bxc4 f6 25. Rd1 fxg5 26. h5 Bf6 27. Rd5 Rc8 28. Nc1 g6 29. h6 Be7 30. Rxe5 Bf8 31. Nd3 Bxh6 32. Nxc5 Rf8 33. Rd5 Rxf3 $19 34. e5 g4 35. e6 Re3 36. Rd8+ Kg7 37. Rd7+ Kf8 38. Rd8+ Ke7 39. Rd7+ Kf6 40. Rf7+ Kg5 41. Rf1 g3 42. Kc1 Kg4 43. Kd1 g2 44. Rg1 Kg3 0-1